 Dungeon Crawl Stone Soup version 0.32-a0-42-ga30500b4d3 (webtiles) character file.

Game seed: 9984721805750920658

118 Atlas the Digger (level 4, 0/30 HPs)
             Began as a Demonspawn Earth Elementalist on Jan 31, 2024.
             Incinerated by a bombardier beetle (6 damage)
             ... with a burning spray
             ... on level 3 of the Dungeon.
             The game lasted 00:02:42 (2007 turns).

Atlas the Digger (Demonspawn Earth Elementalist)    Turns: 2007, Time: 00:02:42

Health: 0/30       AC: 10    Str:  8    XL:     4   Next: 72%
Magic:  0/9        EV: 11    Int: 18    God:
Gold:   132        SH:  5    Dex: 13    Spells: 5/9 levels left

rFire   . . .        h - +1 dagger (protect)
rCold   . . .        (no shield)
rNeg    . . .        d - +0 troll leather armour
rPois   .            (helmet restricted)
rElec   .            (no cloak)
rCorr   .            (no gloves)
SInv    .            (no boots)
Will    .....        m - amulet of reflection
Stlth   +            (no ring)
HPRegen 1.05/turn    (no ring)
MPRegen 0.11/turn

%: reflection
@: on fire, under a protective aura, glowing
A: antennae 1, demonic guardian 1
a: no special abilities


You were on level 3 of the Dungeon.
You visited 1 branch of the dungeon, and saw 3 of its levels.

You collected 132 gold pieces.

Inventory:

Hand Weapons
 h - a +1 dagger of protection (weapon)
Armour
 d - a +0 troll leather armour (worn)
Jewellery
 m - an amulet of reflection (around neck)
Scrolls
 c - 2 scrolls of teleportation {unknown}
 e - a scroll of identify {unknown}
 i - a scroll of torment {unknown}
 k - a scroll of revelation {unknown}
 l - a scroll of silence {unknown}
Potions
 a - a potion of attraction {unknown}
 b - a potion of magic
 f - 2 potions of mutation {unknown}
 g - a potion of invisibility {unknown}
 j - a potion of haste {unknown}


   Skills:
 + Level 0.1 Armour
 + Level 2.3 Dodging
 + Level 1.8 Stealth
 + Level 3.3 Spellcasting
 + Level 1.2 Conjurations
 + Level 3.7 Earth Magic


You had 5 spell levels left.
You knew the following spells:

 Your Spells              Type           Power      Damage    Failure   Level
a - Stone Arrow           Conj/Erth      22%        3d8       26%         3
c - Sandblast             Erth           32%        2d9       4%          1

Your spell library contained the following spells:

 Spells                   Type           Power      Damage    Failure   Level
 Passwall                 Erth           16%        N/A       16%         3
 Foxfire                  Conj/Fire      20%        2x1d5     19%         1
 Brom's Barrelling Bould  Conj/Erth      11%        2d3       63%         4
 Petrify                  Alch/Erth      9%         N/A       71%         4
 Plasma Beam              Fire/Air       1%         2x1d11    100%        6
 Starburst                Conj/Fire      2%         6d3       100%        6


Dungeon Overview and Level Annotations

Branches:
Dungeon (3/15)

Altars:


Innate Abilities, Weirdness & Mutations

You have a pair of small antennae on your head.
A weak demonic guardian rushes to your aid.


Message History

Your weapon exudes an aura of protection.
The bombardier beetle is severely wounded.
The liquid fire burns you! The bombardier beetle bites you.
Your white imp misses the bombardier beetle.
You hit the bombardier beetle but do no damage.
The bombardier beetle is severely wounded.
The liquid fire burns you!
* * * LOW HITPOINT WARNING * * *
The giant cockroach closely misses you.
Your white imp hits the bombardier beetle but does no damage.
Unknown command.
You barely miss the giant cockroach. The liquid fire burns you!
* * * LOW HITPOINT WARNING * * *
You block the giant cockroach's attack.
The bombardier beetle closely misses you.
Your white imp gestures at the bombardier beetle.
The puff of frost hits the bombardier beetle!
The bombardier beetle dies!
The giant cockroach bites you but does no damage.
You hit the giant cockroach but do no damage.
The liquid fire burns you!
* * * LOW HITPOINT WARNING * * *
The giant cockroach barely misses you.
Your white imp barely misses the giant cockroach.
Casting: Sandblast (safe; 4% risk of failure)
Confirm with . or Enter, or press ? or * to list all spells.
You don't have enough magic to cast this spell.
Casting: Sandblast (safe; 4% risk of failure)
Confirm with . or Enter, or press ? or * to list all spells.
You don't have enough magic to cast this spell.
Casting: Sandblast (safe; 4% risk of failure)
Confirm with . or Enter, or press ? or * to list all spells.
Aiming: Sandblast (safe; 4% risk of failure)
Press: ? - help, Shift-Dir - straight line, f - giant cockroach
Aim: a giant cockroach (ally target, 82% to hit)
The blast of sand hits the giant cockroach but does no damage.
The liquid fire burns you!
You die...

#........).#.##.#
#..........#....#
#^.........######
#..........#
#.#..........#
#.....######.#
#####...####.#
########...##.#
......B@†#....#
.......5.####...
.....†...# #.
.........#
.........#
.........#
.........#
.........#


You could see a giant cockroach (ally target) and a friendly white imp
(summoned).

Vanquished Creatures
  2 adders (D:2)
  A ribbon worm (D:2)
  2 orcs (D:3)
  5 ball pythons
  5 bats
  3 endoplasms
  5 giant cockroaches
  8 goblins
  4 hobgoblins
  2 jackals (D:1)
  2 quokkas
  7 frilled lizards
  4 kobolds
  5 rats
55 creatures vanquished.

Vanquished Creatures (collateral kills)
  A bombardier beetle (D:3)
1 creature vanquished.

Grand Total: 56 creatures vanquished

Notes
Turn   | Place    | Note
-------+----------+-------------------------------------------
     0 | D:1      | Atlas the Demonspawn Earth Elementalist began the quest for
                  | the Orb.
     0 | D:1      | Reached XP level 1. HP: 13/13 MP: 3/3
   181 | D:1      | Gained mutation: You have a pair of small antennae on your
                  | head. [demonic ancestry]
   181 | D:1      | Reached XP level 2. HP: 19/19 MP: 0/5
   561 | D:1      | Found a faded altar of an unknown god.
   951 | D:2      | Reached XP level 3. HP: 21/24 MP: 4/6
  1015 | D:2      | Learned a level 3 spell: Stone Arrow
  1615 | D:2      | Gained mutation: A weak demonic guardian rushes to your
                  | aid. [demonic ancestry]
  1615 | D:2      | Reached XP level 4. HP: 30/30 MP: 5/8
  2007 | D:3      | Incinerated by a bombardier beetle

Illustrated notes

Levels and vault maps discovered:
D:1:      sevenhm_arrival_forest_fort_small_3, layout_basic,
          ebering_ecumenical_altar_ruins, chequers_avenue,
          wander_ebering_terrifying_dragon_lair
D:2:      layout_loops_ring
D:3:      layout_basic, nicolae_ru_awakened_eye, uniq_grinder

Skill      XL: |  1  2  3 |
---------------+----------+-----
Dodging        | 2 |  2.3
Earth Magic    | 3 |  3.7
Spellcasting   | 3 |  3.3
Armour         | |  0.1
Stealth        | |  1.8
Conjurations   | |  1.2

Action                     |  1- 3 |  4- 6 || total
---------------------------+-------+-------++-------
  Melee: Dagger            |     1 |     4 ||     5
   Cast: Sandblast         |    66 |    19 ||    85
 Armour: Robe              |     5 |       ||     5
         Troll leather arm |    16 |     6 ||    22
  Dodge: Dodged            |    21 |    12 ||    33
  Block: Other             |       |     3 ||     3

Table legend: (Time is in decaauts)
 A = Elapsed time spent in this place.
 B = Non-inter-level travel time spent in this place.
 C = Inter-level travel time spent in this place.
 D = Time resting spent in this place.
 E = Time spent auto-exploring this place.
 F = Levels seen in this place.
 G = Mean time per level.
                   A        B        C        D        E       F      G
               +--------+--------+--------+--------+--------+-----+--------+
         Total |   2048 |   2024 |     24 |      3 |   1662 |   3 |  682.7 |
       Dungeon |   2048 |   2024 |     24 |      3 |   1662 |   3 |  682.7 |
               +--------+--------+--------+--------+--------+-----+--------+

Top non-repeatable levels by time:
     D:2: 998 daAuts
     D:1: 955 daAuts
     D:3: 94 daAuts
